 Dungeon Crawl Stone Soup version 0.19.1-1-g22dce08 (webtiles) character file.

6805 Alarkh the Cleaver (level 10, -3/70 HPs)
             Began as a Demonspawn Monk on Jan 7, 2017.
             Was a High Priest of Okawaru.
             Slain by an orc warrior
             ... wielding a +0 dire flail
              (13 damage)
             ... on level 9 of the Dungeon.
             The game lasted 00:10:31 (7802 turns).

Alarkh the Cleaver (Demonspawn Monk)                Turns: 7802, Time: 00:10:32

Health: -3/70      AC:  9    Str: 11    XL:     10   Next: 77%
Magic:  9/9        EV: 17    Int: 16    God:    Okawaru [*****.]
Gold:   307        SH:  8    Dex: 17    Spells: 0 memorised, 9 levels left

rFire  . . .     SeeInvis +     E - +2 hand axe (chop)
rCold  . . .     Gourm    .     H - +0 robe {rN+}
rNeg   + + .     Faith    +     F - +2 buckler
rPois  .         Spirit   .     D - +2 helmet
rElec  .         Reflect  .     (no cloak)
rCorr  .         Harm     .     s - +1 pair of gloves
MR     +....     Rnd*Rage +     (boots unavailable)
Stlth  ++++......               N - amulet of faith
                                M - ring of protection from magic
                                j - ring of positive energy

@: heroism
A: talons 3, slimy green scales 1, see invisible, agile 1, berserk 1, low mp 1,
powered by pain 1, wild magic 1
a: Heroism, Finesse, Renounce Religion


You were on level 9 of the Dungeon.
You worshipped Okawaru.
Okawaru was extremely pleased with you.
You were not hungry.

You visited 2 branches of the dungeon, and saw 11 of its levels.

You collected 555 gold pieces.
You spent 248 gold pieces at shops.

Inventory:

Hand Weapons
 a - a +5 spear
 f - a +0 hand axe
 o - a +1 spear of flaming
 p - a +0 club
 B - a +0 war axe
 E - a +2 hand axe of chopping (weapon)
Missiles
 t - a throwing net (quivered)
Armour
 b - a +0 robe
 s - a +1 pair of gloves (worn)
 u - a +0 helmet
 w - a +0 ring mail
 D - a +2 helmet (worn)
 F - a +2 buckler (worn)
 H - a +0 robe of positive energy (worn)
 I - +0 mottled dragon scales
Jewellery
 j - a ring of positive energy (left hand)
 q - an uncursed ring of see invisible
 G - an uncursed amulet of rage
 M - a ring of protection from magic (right hand)
 N - an amulet of faith (around neck)
Wands
 z - a wand of lightning (7/15)
Scrolls
 e - a scroll of identify
 g - 4 scrolls of remove curse
 k - a scroll of immolation {unknown}
 l - a scroll of fog {unknown}
 m - a scroll of fear
 r - a scroll of blinking {unknown}
 y - a scroll of magic mapping
 A - a scroll of holy word {unknown}
 C - a scroll of noise {unknown}
 J - 2 scrolls of amnesia
 K - a scroll of random uselessness
 O - a scroll of teleportation
Potions
 d - a potion of haste
 i - 2 potions of magic
 n - 2 potions of resistance
 P - a potion of curing
 R - a potion of heal wounds {unknown}
Comestibles
 c - 2 bread rations
 h - a beef jerky
 v - a slice of pizza
 x - 12 royal jellies
 L - 3 chunks of flesh


   Skills:
 - Level 3.0(8.0) Fighting
 + Level 14.6(19.6) Axes
 - Level 2.6(7.6) Dodging
 - Level 1.7(6.7) Stealth


You had 9 spell levels left.
You didn't know any spells.

Dungeon Overview and Level Annotations

Branches:
Dungeon (10/15)            Temple (1/1) D:5             Orc (0/2) D:9
   Lair: D:8-11

Altars:
Ashenzari
Cheibriados
Dithmenos
Elyvilon
Fedhas
Gozag
Hepliaklqana
Kikubaaqudgha
Makhleb
Nemelex Xobeh
Okawaru
Qazlal
Ru
Sif Muna
Trog
Uskayaw
Vehumet
Xom
Yredelemnul
Zin
The Shining One

Shops:
D:5 [   D:6 *

Annotations:
D:4 Monsterracer's ghost, amateur GrEE


Innate Abilities, Weirdness & Mutations

You have claws for feet.
You are partially covered in slimy green scales. (AC +2)
You sometimes gain a little power by taking damage.
You have supernaturally acute eyesight. (SInv)
You are agile. (Dex +2)
You tend to lose your temper in combat.
Your magical capacity is low. (-10% MP)
Your spells are a little harder to cast, but a little more powerful.


Message History

You are too injured to fight recklessly!
You are too injured to fight recklessly!
You are too injured to fight recklessly!
You are too injured to fight recklessly!
You are too injured to fight recklessly!
You are too injured to fight recklessly!
You are too injured to fight recklessly!
You are too injured to fight recklessly!
You are too injured to fight recklessly!
You are too injured to fight recklessly!
You are too injured to fight recklessly!
Unknown command.
You gain the combat prowess of a mighty hero.
The hound closely misses you.
The orc warrior hits you with an enchanted long sword!!
* * * LOW HITPOINT WARNING * * *
You focus on the pain.
You feel your power returning. The hound bites you.
* * * LOW HITPOINT WARNING * * *
The orc warrior hits you with a dire flail!
You die...

# .. ....> . ... .....
.## ##.## #...###... #
#...# #......... # #...#
#..Y...... #
#...#########.J$......
###...#.........oo......
...<......###...@h...o..
..)........##.#..o......
)[.).........(.(........
###...#.#####...........
#(..#.#####....$......
#...#........########.
#...########.# ##.## #)#
..# #.#


You could see 2 orc warriors, an ice beast, a hound, a jelly and 2 orcs.

Vanquished Creatures
  An unseen horror (D:10)
  2 hill giants (D:10)
  Grinder (D:6)
  3 hippogriffs
  Sigmund (D:6)
  3 yaks (D:10)
  A hungry ghost (D:9)
  A mottled dragon (D:10)
  The ghost of sveltemanboy the Caller, an amateur TeSu of Ashenzari (D:3)
  2 ice beasts
  A black bear (D:6)
  An orc warrior (D:8)
  A sky beast (D:5)
  6 ogres
  5 phantoms
  A centaur (D:5)
  3 bullfrogs
  A big kobold (D:7)
  2 gnoll sergeants
  2 scorpions
  6 killer bees
  2 howler monkeys (D:7)
  5 crimson imps
  A bullfrog zombie (D:7)
  3 hounds
  A quasit (D:8)
  5 jellies
  8 orc wizards
  6 orc priests
  Terence (D:2)
  2 iguanas
  2 worker ants (D:6)
  A hound skeleton (D:5)
  4 gnolls (D:9)
  15 adders
  5 shadow imps
  5 oozes (D:8)
  An adder zombie (D:5)
  2 worms
  5 leopard geckos
  26 orcs
  3 ball pythons
  6 bats
  3 giant cockroaches
  7 goblins
  7 hobgoblins
  8 jackals
  12 kobolds
  5 quokkas
  2 frilled lizards (D:3)
  A quokka skeleton (D:6)
  6 rats
205 creatures vanquished.

Notes
Turn   | Place    | Note
-------+----------+-------------------------------------------
     0 | D:1      | Alarkh the Demonspawn Monk began the quest for the Orb.
     0 | D:1      | Reached XP level 1. HP: 18/18 MP: 1/1
    25 | D:1      | Reached skill level 3 in Axes
   224 | D:1      | Gained mutation: You have sharp toenails. [demonic ancestry]
   224 | D:1      | Reached XP level 2. HP: 23/24 MP: 2/2
   877 | D:2      | Reached XP level 3. HP: 26/29 MP: 3/3
   893 | D:2      | Noticed a hand axe
   895 | D:2      | Noticed a dagger
   909 | D:2      | Found a hide-covered altar of Uskayaw.
   926 | D:2      | Found a stormy altar of Qazlal.
   931 | D:2      | Reached skill level 4 in Axes
  1088 | D:2      | Gained mutation: You sometimes gain a little power by taking damage. [demonic ancestry]
  1088 | D:2      | Reached XP level 4. HP: 35/35 MP: 4/4
  1190 | D:2      | Noticed Terence
  1202 | D:2      | Killed Terence
  1553 | D:3      | Reached skill level 5 in Axes
  1675 | D:3      | Noticed sveltemanboy's ghost (amateur TeSu)
  1688 | D:3      | Killed sveltemanboy's ghost
  1688 | D:3      | Reached XP level 5. HP: 20/41 MP: 5/5
  1770 | D:3      | Reached skill level 6 in Axes
  1912 | D:3      | Gained mutation: You are partially covered in slimy green scales. (AC +2) [demonic ancestry]
  1912 | D:3      | Reached XP level 6. HP: 39/47 MP: 6/6
  2426 | D:4      | Noticed Monsterracer's ghost (amateur GrEE)
  2500 | D:4      | Found a sparkling altar of Nemelex Xobeh.
  2518 | D:4      | Reached skill level 7 in Axes
  2523 | D:4      | Reached XP level 7. HP: 20/52 MP: 7/7
  2541 | D:4      | Found a white marble altar of Elyvilon.
  2541 | D:4      | Found an iron altar of Okawaru.
  2593 | D:4      | Found a hazy altar of Hepliaklqana.
  2613 | D:4      | Became a worshipper of Warmaster Okawaru
  2613 | D:4      | Reached * piety under Okawaru
  2613 | D:4      | Reached ** piety under Okawaru
  2813 | D:4      | Found a radiant altar of Vehumet.
  2835 | D:5      | Entered Level 5 of the Dungeon
  3028 | D:5      | Reached skill level 8 in Axes
  3098 | D:5      | Found a staircase to the Ecumenical Temple.
  3174 | Temple   | Entered the Ecumenical Temple
  3591 | D:5      | Found Busa's Armour Boutique.
  3620 | D:5      | Bought a +2 buckler for 214 gold pieces
  3903 | D:6      | Reached skill level 9 in Axes
  3903 | D:6      | Gained mutation: You have razor-sharp toenails. [demonic ancestry]
  3903 | D:6      | Reached XP level 8. HP: 53/58 MP: 8/8
  3966 | D:6      | Found Uzebas's Assorted Antiques.
  3968 | D:6      | Noticed Sigmund
  3979 | D:6      | Killed Sigmund
  3979 | D:6      | Reached *** piety under Okawaru
  4000 | D:6      | Bought a scroll labeled LESITESEAV for 17 gold pieces
  4000 | D:6      | Bought a scroll labeled GIELUN BAOQI for 17 gold pieces
  4072 | D:6      | Reached skill level 10 in Axes
  4133 | D:6      | Noticed Grinder
  4139 | D:6      | Paralysed by Grinder for 3 turns
  4154 | D:6      | Paralysed by Grinder for 6 turns
  4169 | D:6      | Killed Grinder
  4182 | D:6      | Gained mutation: You have supernaturally acute eyesight. (SInv) [potion of mutation]
  4182 | D:6      | Gained mutation: You tend to lose your temper in combat. [potion of mutation]
  4182 | D:6      | Gained mutation: Your magical capacity is low. (-10% MP) [potion of mutation]
  4183 | D:6      | Gained mutation: Your spells are a little harder to cast, but a little more powerful. [potion of mutation]
  4183 | D:6      | Gained mutation: You are agile. (Dex +2) [potion of mutation]
  4389 | D:6      | Found a sacrificial altar of Ru.
  4448 | D:6      | Found a snail-covered altar of Cheibriados.
  4485 | D:6      | Reached **** piety under Okawaru
  4525 | D:6      | Reached skill level 11 in Axes
  4525 | D:6      | Reached XP level 9. HP: 24/63 MP: 8/8
  5319 | D:7      | Found a basalt altar of Yredelemnul.
  5376 | D:7      | Found a glowing silver altar of Zin.
  5376 | D:7      | Found a faded altar of an unknown god.
  5382 | D:7      | Found a shattered altar of Ashenzari.
  5385 | D:7      | Found a faded altar of an unknown god.
  5386 | D:7      | Found a deep blue altar of Sif Muna.
  5527 | D:7      | You fall through a shaft for 3 floors!
  5527 | D:10     | Entered Level 10 of the Dungeon
  5538 | D:10     | Reached skill level 12 in Axes
  5562 | D:10     | Noticed a hill giant
  5564 | D:10     | Noticed a hill giant
  5570 | D:10     | Killed a hill giant
  5574 | D:10     | Killed a hill giant
  5574 | D:10     | Reached ***** piety under Okawaru
  5605 | D:10     | Noticed an unseen horror
  5616 | D:10     | Killed an unseen horror
  5616 | D:10     | Reached skill level 13 in Axes
  5616 | D:10     | Gained mutation: You have claws for feet. [demonic ancestry]
  5616 | D:10     | Reached XP level 10. HP: 22/70 MP: 9/9
  6592 | D:8      | Reached skill level 14 in Axes
  7795 | D:9      | Found a staircase to the Orcish Mines.
  7802 | D:9      | Slain by an orc warrior

Skill      XL: |  1  2  3  4  5  6  7  8  9 10 |
---------------+-------------------------------+-----
Axes           | 3 4 5 6 7 9 11 13 14 | 14.6
Fighting       | |  3.0
Dodging        | |  2.6
Stealth        | |  1.7

Action                   |  1- 3 |  4- 6 |  7- 9 | 10-12 || total
-------------------------+-------+-------+-------+-------++-------
Melee: Hand axe          |    18 |       |   255 |   278 ||   551
       Spear             |    50 |   178 |    90 |       ||   318
       Kick              |     5 |    27 |    87 |    70 ||   189
Invok: Heroism           |       |       |     1 |     4 ||     5
  Use: Potion            |     1 |     6 |     5 |     1 ||    13
       Scroll            |     2 |     2 |     6 |     4 ||    14
 Stab: Sleeping          |     4 |    10 |     4 |     2 ||    20
       Distracted        |       |       |     1 |     1 ||     2
  Eat: Chunk             |     1 |     4 |    11 |    10 ||    26
Armor: Robe              |    12 |     9 |    31 |    46 ||    98
       Ring mail         |       |    15 |    56 |       ||    71
       Skin              |       |       |       |    18 ||    18
Dodge: Dodged            |    39 |    74 |   107 |   111 ||   331
Block: Buckler           |       |       |    48 |    63 ||   111
